 Dungeon Crawl Stone Soup version 0.18-a0-1353-gf2a912f (webtiles) character file.

272 Banto the Skirmisher (level 6, 0/62 HPs)
             Began as a Troll Arcane Marksman on Feb 19, 2016.
             Was an Initiate of Okawaru.
             Succumbed to a water moccasin's poison
             ... on level 3 of the Dungeon.
             The game lasted 00:03:18 (1935 turns).

Banto the Skirmisher (Troll Arcane Marksman)        Turns: 1935, Time: 00:03:18

Health: 0/62       AC:  6    Str: 20    XL:     6   Next: 2%
Magic:  6/6        EV: 10    Int:  9    God:    Okawaru [......]
Gold:   84         SH:  0    Dex: 11    Spells: 1 memorised, 6 levels left

rFire  + + .     SeeInvis .       - Unarmed
rCold  . . .     Gourm    +     a - +0 robe
rNeg   . . .     Faith    .     (no shield)
rPois  +         Spirit   .     (helmet restricted)
rElec  +         Dismiss  .     p - +0 cloak
rCorr  +         Reflect  .     (gloves unavailable)
SustAt .         Harm     .     (boots unavailable)
MR     .....                    (no amulet)
Stlth  +.........               k - ring of fire
                                g - ring of flight

@: lethally poisoned (0 -> -3), resistant, not resistant to hostile
enchantments, very unstealthy
A: unfitting armour, claws 3, fast metabolism 3, gourmand, regeneration 2,
shaggy fur 1, tough skin 2
a: Renounce Religion, Evoke Flight


You were on level 3 of the Dungeon.
You worshipped Okawaru.
Okawaru was noncommittal.
You were very full.

You visited 1 branch of the dungeon, and saw 3 of its levels.

You collected 84 gold pieces.

Inventory:

Missiles
 c - 2 large rocks (quivered)
 d - 3 throwing nets
Armour
 a - a +0 robe (worn)
 p - a +0 cloak (worn)
Jewellery
 g - a ring of flight (left claw)
 k - a ring of fire (right claw)
Scrolls
 h - a scroll of amnesia {unknown}
 m - a scroll of blinking {unknown}
 n - a scroll of fear
 o - a scroll of recharging {unknown}
 r - a scroll of remove curse {unknown}
Potions
 e - a potion of invisibility
 j - 2 potions of agility
 l - a potion of might
Books
 b - a book of Debilitation

   Spells                             Type                      Level
   a - Corona                         Hexes                        1
   b - Slow                           Hexes                        2
   c - Gell's Gravitas                Hexes/Translocation          3
   d - Inner Flame                    Hexes/Fire                   3
   e - Cause Fear                     Hexes                        4
   f - Leda's Liquefaction            Hexes/Earth                  4
Comestibles
 f - 2 bread rations
 i - 2 beef jerkies


   Skills:
 * Level 4.0 Fighting
 - Level 1.7 Throwing
 - Level 1.5 Dodging
 + Level 3.2 Unarmed Combat
 - Level 1.0 Spellcasting
 - Level 2.0 Hexes


You had 6 spell levels left.
You knew the following spells:

 Your Spells              Type           Power        Failure   Level  Hunger
a - Corona                Hex            #......      17%         1    ##.....


Dungeon Overview and Level Annotations

Branches:
Dungeon (3/15)

Altars:
Dithmenos
Elyvilon
Gozag
Okawaru
The Shining One


Innate Abilities, Weirdness & Mutations

You are too large for most types of armour.
You have claws for hands.
Your metabolism is lightning-fast.
You like to eat raw meat.
You heal very quickly.
You are covered in fur (AC +1).
You have very tough skin (AC +2).


Message History

You have reached level 6!
Your experience leads to an increase in your attributes!
Increase (S)trength, (I)ntelligence, or (D)exterity?
You feel agile.
You feel stronger.
* * * LOW HITPOINT WARNING * * *
You feel sick.
There is a lethal amount of poison in your body!
Drink which item? (? for menu, Esc to quit)
Okay, then.
* * * LOW HITPOINT WARNING * * *
You feel sick.
You see here 2 large rocks.
* * * LOW HITPOINT WARNING * * *
You feel sick.
Unknown command.
Unknown command.
* * * LOW HITPOINT WARNING * * *
You feel sick.
Unknown command.
You die...

#§#§#§#..###..###.#......# #####
§#§§.#.#............####.####...#
.##§##......................#.#.#
.#...#...................##.#.#..
...#.#.#..............#####.#.#.#
.###.#.#..........#.#.# ##.#.#.#
.# #.#............#.#.# #....#.#
.....###.##..#......#.#########..
..#### #........@.#.............#
.... ####....(###.............#
#####.# ###..##.###.............#
.......##....#...##.............#
...............(..[..>..........#
.......#####.(....#.............#
#.....# #.#(...#.............#
.....# #.#.........##########
.....### #.#..#.......#


There were no monsters in sight!

Vanquished Creatures
  A water moccasin (D:3)
  Jessica (D:2)
  Ijyb (D:2)
  4 gnolls
  2 adders
  An ooze (D:1)
  2 giant geckos
  7 bats
  6 giant cockroaches
  9 goblins
  4 hobgoblins
  3 quokkas (D:3)
  A ball python (D:1)
  3 giant newts
  7 kobolds
  9 rats
61 creatures vanquished.

Notes
Turn   | Place    | Note
--------------------------------------------------------------
     0 | D:1      | Banto the Troll Arcane Marksman began the quest for the Orb.
     0 | D:1      | Reached XP level 1. HP: 18/18 MP: 1/1
    44 | D:1      | Reached skill level 1 in Fighting
   147 | D:1      | Reached XP level 2. HP: 27/27 MP: 2/2
   221 | D:1      | Reached skill level 1 in Unarmed Combat
   796 | D:2      | Reached XP level 3. HP: 28/35 MP: 3/3
   820 | D:2      | Found an opulent altar of Gozag.
   820 | D:2      | Found a glowing golden altar of the Shining One.
   908 | D:2      | Noticed Ijyb
   934 | D:2      | Killed Ijyb
  1125 | D:2      | Found an iron altar of Okawaru.
  1198 | D:2      | Noticed Jessica
  1211 | D:2      | Killed Jessica
  1211 | D:2      | Reached XP level 4. HP: 37/44 MP: 4/4
  1245 | D:2      | Reached skill level 3 in Fighting
  1290 | D:2      | Became a worshipper of Warmaster Okawaru
  1408 | D:2      | Reached XP level 5. HP: 27/53 MP: 5/5
  1612 | D:3      | Found a white marble altar of Elyvilon.
  1714 | D:3      | Found a shadowy altar of Dithmenos.
  1917 | D:3      | Noticed a water moccasin
  1931 | D:3      | Killed a water moccasin
  1931 | D:3      | Reached skill level 4 in Fighting
  1931 | D:3      | Reached XP level 6. HP: 4/62 MP: 6/6
  1932 | D:3      | HP: 2/62 [poisoned by a water moccasin]
  1935 | D:3      | Succumbed to a water moccasin's poison

Vault maps used:
D:1:      eino_arrival_cavern_d
D:2:      gammafunk_temple_overflow_wave, okawaru_gym_becter, uniq_jessica,
          uniq_iyjb
D:3:      elyvilon_altar_4, grunt_dithmenos_smoke_and_mirrors

Action                   |  1- 3 |  4- 6 || total
-------------------------+-------+-------++-------
Melee: Unarmed           |   112 |    86 ||   198
Throw: Large rock        |       |     5 ||     5
  Use: Scroll            |     1 |     3 ||     4
       Potion            |       |     1 ||     1
  Eat: Chunk             |     9 |     9 ||    18
       Bread ration      |     1 |       ||     1
